 Dungeon Crawl Stone Soup version 0.29.1-1-gd02db6906a (webtiles) character file.

Game seed: 14155315737782996646

231664 sleeves the Brawler (level 18, -4/174 HPs)
             Began as a Troll Hedge Wizard on Sept 30, 2022.
             Was the Champion of Cheibriados.
             Slain by an orc knight
             ... wielding a +3 bardiche
              (35 damage)
             ... on level 3 of the Elven Halls on Oct 1, 2022.
             The game lasted 02:00:22 (31903 turns).

sleeves the Brawler (Troll Hedge Wizard)           Turns: 31903, Time: 02:00:23

Health: -4/174     AC: 16    Str: 42    XL:     18   Next: 80%
Magic:  25/25      EV:  9    Int: 27    God:    Cheibriados [******]
Gold:   2750       SH: 14    Dex: 24    Spells: 6/27 levels left

rFire   . . .      SeeInvis .     - Unarmed
rCold   . . .      Faith    .   o - +1 kite shield {reflect}
rNeg    . . .      Spirit   .   Y - +0 swamp dragon scales
rPois   +          Reflect  +   c - +1 hat
rElec   .          Harm     .   r - +1 cloak {Will+}
rCorr   .          Rampage  .   (gloves unavailable)
Will    +++..                   (boots unavailable)
Stlth   ++........              S - amulet of regeneration
HPRegen 1.99/turn               J - ring of willpower
MPRegen 0.19/turn               V - +4 ring of protection

@: very slow
A: large, unfitting armour, claws 3, regeneration 1, shaggy fur 1, tough skin 1
}: 1/15 runes: serpentine
a: Renounce Religion, Bend Time, Temporal Distortion, Slouch, Step From Time


You were on level 3 of the Elven Halls.
You worshipped Cheibriados.
Cheibriados was exalted by your worship.
You visited 7 branches of the dungeon, and saw 34 of its levels.
You also visited: Sewer and Gauntlet.

You collected 3296 gold pieces.
You spent 546 gold pieces at shops.

Inventory:

Missiles
 l - 4 silver javelins
 u - a boomerang
 v - 2 curare-tipped darts
 A - 12 javelins
 K - 5 throwing nets
 U - 29 large rocks (quivered)
Armour
 c - a +1 hat (worn)
   (You found it on level 4 of the Lair of Beasts)
 f - a +2 kite shield of fire resistance
   (You took it off a naga warrior on level 2 of the Snake Pit)
 o - a +1 kite shield of reflection (worn)
   (You took it off a naga warrior on level 4 of the Snake Pit)
 r - a +1 cloak of willpower (worn)
   (You found it in a Gauntlet)
 X - a scarf of resistance
   (You found it on level 1 of the Lair of Beasts)
 Y - +0 swamp dragon scales (worn)
   (You found it on level 2 of the Swamp)
Jewellery
 B - a ring of protection from fire
   (You found it on level 5 of the Dungeon)
 F - a ring of wizardry
   (You found it on level 6 of the Dungeon)
 J - a ring of willpower (left claw)
   (You found it on level 7 of the Dungeon)
 S - an amulet of regeneration (around neck)
   (You took it off a kobold on level 10 of the Dungeon)
 V - a +4 ring of protection (right claw)
   (You found it on level 1 of the Lair of Beasts)
Wands
 p - a wand of charming (21)
   (You found it on level 2 of the Lair of Beasts)
 M - a wand of polymorph (4)
   (You took it off a naga on level 4 of the Snake Pit)
 O - a wand of iceblast (21)
   (You found it on level 9 of the Dungeon)
 P - a wand of light (10)
   (You found it on level 1 of the Swamp)
 W - a wand of mindburst (6)
   (You found it on level 1 of the Lair of Beasts)
Scrolls
 e - 10 scrolls of teleportation
 k - 4 scrolls of immolation {unknown}
 n - 6 scrolls of vulnerability
 q - 2 scrolls of torment
 s - a scroll of blinking
 t - 2 scrolls of silence
 w - 3 scrolls of fog
 y - 2 scrolls of summoning
 D - 5 scrolls of enchant armour
 G - 4 scrolls of magic mapping {unknown}
 L - 6 scrolls of fear {unknown}
 R - 7 scrolls of amnesia
Potions
 a - 9 potions of curing
 d - 4 potions of magic
 g - 2 potions of invisibility
 h - 5 potions of attraction
 i - 6 potions of might
 j - 3 potions of cancellation {unknown}
 m - 7 potions of flight {unknown}
 z - 3 potions of brilliance {unknown}
 C - a potion of resistance
 H - 3 potions of mutation {unknown}
 I - 12 potions of heal wounds
 N - 4 potions of berserk rage {unknown}
 T - 4 potions of lignification {unknown}
 Z - 2 potions of ambrosia {unknown}
Miscellaneous
 b - a phantom mirror (inert)
   (You found it on level 12 of the Dungeon)
 x - a lightning rod (4/4)
   (You found it on level 4 of the Lair of Beasts)
 E - a tin of tremorstones (2/2)
   (You found it in a sewer)
 Q - a phial of floods
   (You found it on level 2 of the Elven Halls)


   Skills:
 - Level 10.0 Fighting
 - Level 15.0 Throwing
 - Level 1.5 Dodging
 - Level 1.0 Stealth
 - Level 10.0 Shields
 - Level 17.0 Unarmed Combat
 - Level 5.0 Spellcasting
 - Level 0.6 Conjurations
 - Level 0.6 Summonings
 - Level 2.6 Necromancy
 - Level 6.0 Translocations
 + Level 7.9 Transmutations
 + Level 9.5 Earth Magic
 - Level 11.0 Invocations


You had 6 spell levels left.
You knew the following spells:

 Your Spells              Type           Power      Damage    Failure   Level
a - Magic Dart            Conj           40%        1d5       14%         1
b - Blink                 Tloc           78%        N/A       2%          2
c - Statue Form           Tmut/Erth      34%        N/A       58%         6
d - Portal Projectile     Hex/Tloc       44%        N/A       16%         3
e - Dispersal             Tloc           19%        N/A       92%         6
f - Lesser Beckoning      Tloc           39%        N/A       4%          3

Your spell library contained the following spells:

 Spells                   Type           Power      Damage    Failure   Level
 Beastly Appendage        Tmut           98%        N/A       1%          1
 Sandblast                Erth           100%       2d20      1%          1
 Passwall                 Tmut/Erth      43%        N/A       1%          2
 Wereblood                Tmut           49%        N/A       1%          2
 Sting                    Tmut/Pois      100%       1d8       3%          1
 Gell's Gravitas          Tloc           39%        N/A       4%          3
 Teleport Other           Tloc           39%        N/A       4%          3
 Petrify                  Tmut/Erth      52%        N/A       4%          4
 Stone Arrow              Conj/Erth      68%        3d11      7%          3
 Spider Form              Tmut/Pois      28%        N/A       11%         3
 Summon Small Mammal      Summ           40%        N/A       14%         1
 Foxfire                  Conj/Fire      32%        2x1d5     16%         1
 Slow                     Hex            24%        N/A       17%         1
 Ignite Poison            Fire/Tmut/Pois 21%        N/A       19%         3
 Blade Hands              Tmut           24%        N/A       19%         5
 Call Imp                 Summ           10%        N/A       21%         2
 Static Discharge         Conj/Air       8%         3-4/arc   24%         2
 Leda's Liquefaction      Hex/Erth       16%        N/A       24%         4
 Ensorcelled Hibernation  Hex/Ice        12%        N/A       26%         2
 Scorch                   Fire           12%        2d5       26%         2
 Ice Form                 Ice/Tmut       28%        N/A       34%         4
 Call Canine Familiar     Summ           10%        N/A       38%         3
 Conjure Flame            Conj/Fire      8%         6-21      43%         3
 Mephitic Cloud           Conj/Pois/Air  7%         N/A       43%         3
 Confusing Touch          Hex            6%         N/A       45%         3
 Frozen Ramparts          Ice            12%        1d2       45%         3
 Inner Flame              Hex/Fire       6%         N/A       45%         3
 Ozocubu's Armour         Ice            6%         N/A       45%         3
 Tukima's Dance           Hex            6%         N/A       45%         3
 Dispel Undead            Necr           21%        3d11      50%         4
 Irradiate                Conj/Tmut      14%        3d16      63%         5
 Alistair's Intoxication  Tmut/Pois      18%        N/A       67%         5
 Anguish                  Hex/Necr       7%         N/A       69%         4
 Corpse Rot               Necr/Pois/Air  11%        N/A       77%         4
 Flame Wave               Conj/Fire      8%         2d5       83%         4
 Sticky Flame             Conj/Fire      8%         2d3       83%         4
 Summon Ice Beast         Ice/Summ       8%         N/A       83%         4
 Summon Lightning Spire   Summ/Air       8%         N/A       83%         4
 Cause Fear               Hex            3%         N/A       86%         4
 Iron Shot                Conj/Erth      17%        9d4       98%         6
 Fireball                 Conj/Fire      4%         3d4       99%         5
 Metabolic Englaciation   Hex/Ice        3%         N/A       99%         5
 Summon Cactus Giant      Summ           5%         N/A       100%        6
 Dragon Form              Tmut           24%        N/A       99%         7
 Enfeeble                 Hex            3%         N/A       100%        7
 Monstrous Menagerie      Summ           5%         N/A       100%        7
 Ozocubu's Refrigeration  Ice            3%         4d8       100%        7
 Storm Form               Tmut/Air       14%        N/A       100%        7
 Borgnjor's Revivificati  Necr           10%        N/A       100%        8
 Necromutation            Tmut/Necr      17%        N/A       100%        8
 Dragon's Call            Summ           5%         N/A       100%        9
 Fire Storm               Conj/Fire      4%         8d1       100%        9


Dungeon Overview and Level Annotations

Branches:
Dungeon (15/15)            Temple (0/1) D:5            Lair (5/5) D:10
  Swamp (4/4) Lair:3        Snake (4/4) Lair:3        Slime (0/5) Lair:5
    Orc (2/2) D:10            Elf (3/3) Orc:2        Vaults (1/5) D:13
 Depths (0/4) D:15          Sewer (visited)         Gauntlet (visited)

Altars:
Ashenzari
Cheibriados
Gozag
Makhleb
Okawaru
Qazlal
Sif Muna
Uskayaw
Jiyva
Lugonu

Shops:
D:8 [   D:10 :   Orc:1 *   Orc:2 (**:   Elf:2 !   Snake:2 =   Snake:4 [!

Portals:
Abyss: Lair:5

Annotations:
D:4 exclusion: downstairs
D:15 exclusion: vampire mage
Lair:2 exclusion: oklob plant
Lair:4 exclusion: 2 downstairs
Swamp:4 Lernaean hydra
Elf:2 3 runed translucent doors


Innate Abilities, Weirdness & Mutations

You are too large for most types of armour.
You have claws for hands.
Your natural rate of healing is unusually fast.
You are covered in fur. (AC +1)
You have tough skin. (AC +1)


Message History

Cheibriados appreciates the change of pace.
The fire elemental hits you. The fire elemental burns you!
The deep elf pyromancer hits you but does no damage.
The deep elf pyromancer casts a spell.
The deep elf pyromancer blinks!
Your Transmutations skill increases to level 7!
You eviscerate the deep elf pyromancer!!!
You kill the deep elf pyromancer!
Cheibriados appreciates the change of pace.
The fire elemental disappears in a puff of smoke! x2
A +0 falchion comes into view.
The deep elf archer unwields a +0 short sword.
The deep elf archer wields a +1 shortbow of flaming.
It bursts into flame!
The deep elf archer shoots an arrow.
The arrow hits you!! The arrow burns you.
The deep elf archer shoots an arrow.
The arrow hits you! The arrow burns you.
Throw: 26 large rocks
Press: ? - help, Q - select action, (/) - cycle Shift-Dir - straight line, f - deep elf pyromancer
Aim: a deep elf pyromancer, wielding a +0 dagger and wearing a +0 leather armour (67% to hit)
You throw a large rock.
The large rock closely misses the deep elf pyromancer.
The deep elf archer shoots an arrow.
You reflect the arrow off your +1 kite shield of reflection!
The arrow misses the deep elf archer.
Unknown command.
Throw: 25 large rocks
Press: ? - help, Q - select action, (/) - cycle Shift-Dir - straight line, f/p - deep elf pyromancer
Aim: a deep elf pyromancer, wielding a +0 dagger and wearing a +0 leather armour (67% to hit)
You throw a large rock.
The large rock hits the deep elf pyromancer!
The deep elf pyromancer is heavily wounded.
You closely miss the +0 falchion.
The deep elf archer shoots an arrow.
The arrow hits you!! The arrow burns you. You block the +0 falchion's attack.
You mangle the +0 falchion!!
The +0 falchion falls from the air.
Cheibriados thoroughly appreciates the change of pace.
The deep elf pyromancer hits you with a +0 dagger.
You barely miss the deep elf archer.
You block the deep elf pyromancer's attack.
The deep elf archer unwields a +1 shortbow of flaming.
It stops flaming.
The deep elf archer wields a +0 short sword.
The deep elf archer barely misses you.
You claw the deep elf archer!
The deep elf archer is moderately wounded.
You block the deep elf pyromancer's attack.
You mangle the deep elf archer!!
You kill the deep elf archer!
Cheibriados appreciates the change of pace.
You mangle the deep elf pyromancer!!
You kill the deep elf pyromancer!
Cheibriados appreciates the change of pace.
A +0 falchion comes into view.
A +0 falchion is nearby!
A +0 falchion is nearby!
A +0 falchion is nearby!
You block the +0 falchion's attack.
You miss the +0 falchion. You block the +0 falchion's attack.
You mangle the +0 falchion!!
The +0 falchion is almost destroyed.
The +0 falchion hits you but does no damage.
You miss the +0 falchion.
The +0 falchion is almost destroyed.
The +0 falchion hits you but does no damage.
You miss the +0 falchion.
The +0 falchion is almost destroyed.
The +0 falchion hits you. x2
You barely miss the +0 falchion.
The +0 falchion is almost destroyed.
The +0 falchion hits you!
You scratch the +0 falchion but do no damage.
The +0 falchion is severely damaged.
You block the +0 falchion's attack.
You barely miss the +0 falchion.
The +0 falchion is severely damaged.
The +0 falchion hits you! x2
You eviscerate the +0 falchion!!!
The +0 falchion falls from the air.
Cheibriados thoroughly appreciates the change of pace.
No target in view!
No target in view!
Items here: )) [ †.
Things that are here:
a +0 falchion; a +0 falchion
U - 26 large rocks (gained 2)
A +5 dagger is nearby!
You miss the +5 dagger. The +5 dagger hits you.
You mangle the +5 dagger!!
The +5 dagger falls from the air.
Cheibriados thoroughly appreciates the change of pace.
No target in view!
No target in view!
You see here a +5 dagger.
Found a scroll of noise.
U - 27 large rocks (gained 1)
U - 28 large rocks (gained 1)
You see here a +1 short sword of distortion.
U - 29 large rocks (gained 1)
U - 30 large rocks (gained 1)
Found 4 stones.
Found a falchion.
You pick up an Everburning Encyclopedia and begin reading...
You add the spell Ignite Poison to your library.
Your pack is full.
You see here a scroll of blinking.
You can't carry that many items.
Found a stone staircase leading down.
You drop a ring of positive energy.
s - a scroll of blinking You see here 4 stones.
U - 31 large rocks (gained 1)
You open the door.
A deep elf zephyrmancer comes into view.
It is wielding a +0 dagger.
Found a potion of attraction.
You throw a large rock.
The large rock hits the deep elf zephyrmancer.
The deep elf zephyrmancer shouts!
The deep elf zephyrmancer is lightly wounded.
Found a stone staircase leading up.
A deep elf zephyrmancer comes into view.
It is wielding a +0 dagger.
The deep elf zephyrmancer mumbles some strange words.
The deep elf zephyrmancer blinks!
There is an open door here.
You throw a large rock. The deep elf zephyrmancer shouts!
The large rock hits the deep elf zephyrmancer!!!
You kill the deep elf zephyrmancer!
Cheibriados appreciates the change of pace.
You throw a large rock.
The large rock closely misses the deep elf zephyrmancer.
A deep elf zephyrmancer is nearby!
The deep elf zephyrmancer points at you and mumbles some strange words.
The bolt of lightning hits you!
You block the deep elf zephyrmancer's attack.
You claw the deep elf zephyrmancer!
The deep elf zephyrmancer is lightly wounded.
You block the deep elf zephyrmancer's attack.
You mangle the deep elf zephyrmancer!!
The deep elf zephyrmancer is almost dead.
The deep elf zephyrmancer hits you but does no damage.
You closely miss the deep elf zephyrmancer.
The deep elf zephyrmancer is almost dead.
The deep elf zephyrmancer hits you with a +0 dagger.
You eviscerate the deep elf zephyrmancer!!!
You kill the deep elf zephyrmancer!
Cheibriados appreciates the change of pace.
No target in view!
Found a stone staircase leading down.
Found 4 stones.
U - 29 large rocks (gained 1)
You see here a +0 dagger.
U - 30 large rocks (gained 1);
h - 5 potions of attraction (gained 1)
U - 31 large rocks (gained 1)
There is an open door here.
Your pack is full.
You see here a scroll of poison.
Your pack is full.
You see here a scroll of poison.
Could not pick up a scroll of poison here; ([A]lways) ignore it?
Autopickup disabled for scrolls of poison.
You open the door.
A deep elf pyromancer and a deep elf zephyrmancer come into view.
The deep elf pyromancer shouts!
The deep elf pyromancer points at you and mumbles some strange words.
The bolt of fire misses you.
There is an open door here.
You close the door.
You start waiting.
Something unseen opens the door.
The deep elf zephyrmancer shouts!
The deep elf zephyrmancer gestures wildly while chanting.
The deep elf zephyrmancer blinks!
The deep elf zephyrmancer casts a spell at you.
The bolt of lightning misses you.
You close the door.
You start waiting.
Something unseen opens the door.
You close the door.
Something unseen opens the door.
You eviscerate the deep elf zephyrmancer!!!
You kill the deep elf zephyrmancer!
Cheibriados thoroughly appreciates the change of pace.
You hear a shout!
A deep elf archer comes into view. It is wielding a +0 short sword.
The deep elf archer shouts!
You hear a shout! x2
The deep elf archer points at you and mumbles some strange words.
You resist with almost no effort.
The deep elf pyromancer casts a spell at you.
The sticky flame hits you but does no damage.
You are covered in liquid flames!
You close the door, pushing everything out of the way.
You see here a +0 short sword.
You are covered in liquid flames!
The deep elf archer unwields a +0 short sword.
The deep elf archer wields a +0 shortbow.
The deep elf archer shoots an arrow.
You reflect the arrow off your +1 kite shield of reflection!
The arrow hits the deep elf archer!!
You are on fire!
You are covered in liquid flames!
You are no longer on fire.
Something unseen breaks down the door.
The deep elf archer shoots an arrow.
The arrow hits you!
You hear a shout!
The deep elf archer shoots an arrow.
You reflect the arrow off your +1 kite shield of reflection!
The arrow hits the deep elf archer!
You closely miss the deep elf pyromancer.
The deep elf pyromancer hits you with a +0 long sword!
The deep elf archer shoots an arrow.
You reflect the arrow off your +1 kite shield of reflection!
The arrow barely misses the deep elf archer.
You scratch the deep elf pyromancer.
The deep elf pyromancer is lightly wounded.
The deep elf pyromancer hits you with a +0 long sword.
A deep elf archer comes into view. It is wielding a +0 dagger.
You miss the deep elf pyromancer.
The deep elf pyromancer is lightly wounded.
The deep elf pyromancer hits you but does no damage.
A deep elf zephyrmancer comes into view.
It is wielding a +0 long sword.
The deep elf archer shouts!
You claw the deep elf pyromancer!
The deep elf pyromancer is moderately wounded.
You mangle the deep elf pyromancer!!
You kill the deep elf pyromancer!
Cheibriados appreciates the change of pace.
A deep elf pyromancer comes into view.
It is wielding a +0 long sword of protection.
The deep elf archer unwields a +0 dagger.
The deep elf archer wields a +0 shortbow.
The deep elf archer shoots an arrow.
The arrow hits you but does no damage.
Throw: 31 large rocks
Press: ? - help, Q - select action, (/) - cycle Shift-Dir - straight line, f - deep elf zephyrmancer
Aim: a deep elf zephyrmancer, wielding a +0 long sword (67% to hit)
You throw a large rock.
The large rock closely misses the deep elf zephyrmancer.
The large rock hits the deep elf pyromancer!!!
The deep elf pyromancer is almost dead.
A deep elf zephyrmancer comes into view.
It is wielding a +0 long sword.
The deep elf zephyrmancer casts a spell.
The deep elf zephyrmancer blinks!
The deep elf archer shoots an arrow.
The arrow closely misses you.
The deep elf zephyrmancer moves out of view.
The deep elf archer shoots an arrow.
You reflect the arrow off your +1 kite shield of reflection!
The arrow closely misses the deep elf archer.
The deep elf archer shoots an arrow.
The arrow hits you but does no damage.
The deep elf pyromancer mumbles some strange words.
The deep elf zephyrmancer shouts!
The deep elf archer mumbles some strange words.
The deep elf archer blinks!
The deep elf zephyrmancer mumbles some strange words.
The deep elf zephyrmancer blinks!
The deep elf pyromancer gestures at you while chanting.
The bolt of fire misses you.
The deep elf archer is engulfed in blazing flames.
You mangle the deep elf pyromancer!!
You kill the deep elf pyromancer!
Cheibriados appreciates the change of pace.
The fire elemental disappears in a puff of smoke! x2
The deep elf archer is engulfed in blazing flames.
The deep elf archer shoots an arrow.
The arrow barely misses you.
The deep elf zephyrmancer casts a spell at you.
The bolt of lightning hits you.
The deep elf archer is engulfed in blazing flames.
The deep elf archer shoots an arrow.
You reflect the arrow off your +1 kite shield of reflection!
The arrow closely misses the deep elf archer.
The deep elf zephyrmancer casts a spell at you.
The bolt of lightning hits you!!
The deep elf archer is engulfed in blazing flames.
The deep elf archer shoots an arrow.
The arrow hits you.
The deep elf zephyrmancer gestures at you while chanting.
The bolt of lightning hits you!!
The deep elf archer is engulfed in blazing flames.
The deep elf archer unwields a +0 shortbow.
The deep elf archer wields a +0 dagger.
The deep elf archer hits you with a +0 dagger!
The deep elf archer shoots an arrow.
The arrow hits you!!
The deep elf archer is engulfed in blazing flames.
The deep elf archer dies!
You eviscerate the deep elf zephyrmancer!!!
You kill the deep elf zephyrmancer!
Cheibriados appreciates the change of pace.
The deep elf archer shoots an arrow.
The arrow completely misses you.
Throw: 30 large rocks
Press: ? - help, Q - select action, (/) - cycle Shift-Dir - straight line, f - deep elf zephyrmancer
Aim: a deep elf zephyrmancer, wielding a +0 long sword (67% to hit)
You throw a large rock.
The large rock hits the deep elf zephyrmancer!!!
You kill the deep elf zephyrmancer!
Cheibriados appreciates the change of pace.
The deep elf archer shoots an arrow.
You reflect the arrow off your +1 kite shield of reflection!
The arrow barely misses the deep elf archer.
The deep elf archer shoots an arrow.
You reflect the arrow off your +1 kite shield of reflection!
The arrow hits the deep elf archer!
The deep elf archer casts a spell at you.
You resist with almost no effort.
The deep elf archer shoots an arrow.
The arrow hits you!!
The deep elf archer unwields a +0 shortbow.
The deep elf archer wields a +0 short sword.
You block the deep elf archer's attack.
The deep elf archer hits you but does no damage.
You scratch the deep elf archer.
The deep elf archer is almost dead.
The deep elf archer gestures wildly while chanting.
The deep elf archer blinks!
The deep elf archer gestures at you while chanting.
You resist with almost no effort.
The deep elf archer gestures wildly while chanting.
The deep elf archer blinks!
U - 30 large rocks (gained 1)
U - 31 large rocks (gained 1)
You see here a +0 long sword.
The deep elf archer unwields a +0 short sword.
The deep elf archer wields a +0 shortbow.
The deep elf archer shoots an arrow.
You reflect the arrow off your +1 kite shield of reflection!
The arrow hits the deep elf archer!
The deep elf archer shoots an arrow.
The arrow hits you but does no damage.
The deep elf archer shoots an arrow.
The arrow closely misses you.
The deep elf archer shoots an arrow.
The arrow hits you!!
The deep elf archer shoots an arrow.
You reflect the arrow off your +1 kite shield of reflection!
The arrow barely misses the deep elf archer.
The deep elf archer points at you and mumbles some strange words.
You resist with almost no effort.
You see here a +0 short sword.
The deep elf archer shoots an arrow.
You reflect the arrow off your +1 kite shield of reflection!
The arrow closely misses the deep elf archer.
The deep elf archer shoots an arrow.
The arrow hits you!
The deep elf archer shoots an arrow.
You reflect the arrow off your +1 kite shield of reflection!
The arrow misses the deep elf archer.
The deep elf archer shoots an arrow.
The arrow closely misses you.
The deep elf archer shoots an arrow.
The arrow closely misses you.
The deep elf archer shoots an arrow.
The arrow hits you!!
The deep elf archer shoots an arrow.
The arrow hits you!!
* * * LOW HITPOINT WARNING * * *
The deep elf archer shoots an arrow.
The arrow hits you!
* * * LOW HITPOINT WARNING * * *
The deep elf archer shoots an arrow.
You reflect the arrow off your +1 kite shield of reflection!
The arrow hits the deep elf archer!
You kill the deep elf archer!
Cheibriados thoroughly appreciates the change of pace.
You start resting.
HP restored.
There is a broken door, spattered with blood here.
Items here: )) [[.
You open the gate.
A deep elf high priest and 3 deep elf pyromancers come into view.
The deep elf high priest shouts!
The deep elf pyromancer shouts! x2
Found five items.
You swing at nothing.
The deep elf pyromancer mumbles some strange words.
The deep elf pyromancer blinks!
The deep elf pyromancer shouts!
You eviscerate the deep elf pyromancer!!!
You kill the deep elf pyromancer!
Cheibriados thoroughly appreciates the change of pace.
The deep elf pyromancer barely misses you.
You eviscerate the deep elf high priest!!!
The deep elf high priest is severely wounded.
You block the deep elf pyromancer's attack.
The deep elf high priest utters a dark prayer and points at you.
Your life force is offered up.
The deep elf high priest is healed.
The deep elf pyromancer gestures at you while chanting.
The sticky flame hits you but does no damage.
You are covered in liquid flames!
You eviscerate the deep elf high priest!!!
You kill the deep elf high priest!
Cheibriados appreciates the change of pace.
You are covered in liquid flames!
You are covered in liquid flames!
You block the deep elf pyromancer's attack. x2
The deep elf pyromancer hits you but does no damage.
There is an open gate, spattered with blood here.
Things that are here:
a +0 long sword; a +0 scale mail You mangle the deep elf pyromancer!!
The deep elf pyromancer is heavily wounded.
The deep elf pyromancer gestures wildly while chanting.
The deep elf pyromancer blinks!
You block the deep elf pyromancer's attack.
You scratch the deep elf pyromancer.
The deep elf pyromancer is severely wounded.
The deep elf pyromancer gestures wildly while chanting.
The deep elf pyromancer blinks!
The deep elf pyromancer hits you but does no damage.
The deep elf pyromancer closely misses you.
The deep elf pyromancer points at you and mumbles some strange words.
The bolt of fire hits you!!
You barely miss the deep elf pyromancer.
The deep elf pyromancer is severely wounded.
You block the deep elf pyromancer's attack.
The deep elf pyromancer casts a spell.
You barely miss the deep elf pyromancer.
The deep elf pyromancer is severely wounded.
The deep elf pyromancer casts a spell.
The deep elf pyromancer blinks!
The deep elf pyromancer completely misses you.
You completely miss the deep elf pyromancer.
You closely miss the deep elf pyromancer.
You block the deep elf pyromancer's attack.
You block the fire elemental's attack.
You scratch the deep elf pyromancer.
The deep elf pyromancer is lightly wounded.
The deep elf pyromancer mumbles some strange words.
The deep elf pyromancer blinks!
The fire elemental hits you. The fire elemental burns you!
You block the fire elemental's attack.
The deep elf pyromancer hits you but does no damage.
You mangle the deep elf pyromancer!!
You kill the deep elf pyromancer!
Cheibriados appreciates the change of pace.
The fire elemental disappears in a puff of smoke!
The deep elf pyromancer casts a spell at you.
The bolt of fire hits you!!
You closely miss the deep elf pyromancer.
You eviscerate the deep elf pyromancer!!!
The deep elf pyromancer is almost dead.
The deep elf pyromancer points at you and mumbles some strange words.
The bolt of fire misses you.
You closely miss the deep elf pyromancer.
The deep elf pyromancer is almost dead.
You block the deep elf pyromancer's attack.
You closely miss the deep elf pyromancer.
The deep elf pyromancer is almost dead.
You block the deep elf pyromancer's attack.
You claw the deep elf pyromancer!
You kill the deep elf pyromancer!
Cheibriados thoroughly appreciates the change of pace.
There is an open gate, spattered with blood here.
Things that are here:
a +0 long sword; a +0 scale mail You now have 2649 gold pieces (gained 48).
You see here a book of Weapons.
p - a wand of charming (21) (gained 4 charges)
There is an open gate, spattered with blood here.
Things that are here:
a +0 long sword; a +0 scale mail
There is a broken door, spattered with blood here.
Items here: )) [[.
Found a phial of floods.
You open the door.
There is an open translucent door here.
A +2 vorpal trident comes into view.
A +2 vorpal trident is nearby!
You block the +2 vorpal trident's attack.
The +2 vorpal trident hits you but does no damage.
The +2 vorpal trident hits you!
You eviscerate the +2 vorpal trident!!!
The +2 vorpal trident falls from the air.
Cheibriados thoroughly appreciates the change of pace.
Your Earth Magic skill increases to level 9!
No target in view!
No target in view!
Search for what [Enter for "armor", or ? for help]? phia You see here a phial of floods.
You can't carry that many items.
You drop a box of beasts.
Q - a phial of floods You see here a +2 vorpal trident.
A deep elf zephyrmancer comes into view.
It is wielding a +1 long sword of holy wrath.
The deep elf zephyrmancer shouts!
The deep elf zephyrmancer gestures wildly while chanting.
The deep elf zephyrmancer blinks!
The deep elf zephyrmancer moves out of view.
You hear a shout! 2 deep elf zephyrmancers come into view.
A deep elf zephyrmancer is wielding a +1 long sword of holy wrath.
The deep elf zephyrmancer gestures at you while chanting.
The bolt of lightning misses you.
There are monsters nearby!
You throw a large rock.
The large rock hits the deep elf zephyrmancer!!!
You kill the deep elf zephyrmancer!
Cheibriados thoroughly appreciates the change of pace.
The deep elf zephyrmancer gestures at you while chanting.
The bolt of lightning hits you!!
You throw a large rock.
The large rock closely misses the deep elf zephyrmancer.
The deep elf zephyrmancer points at you and mumbles some strange words.
The bolt of lightning hits you!!
You throw a large rock.
The large rock hits the deep elf zephyrmancer!!!
You kill the deep elf zephyrmancer!
Cheibriados appreciates the change of pace.
U - 29 large rocks (gained 1)
You now have 2673 gold pieces (gained 24).
Things that are here:
a +1 long sword of holy wrath; a +0 leather armour
U - 30 large rocks (gained 1)
You now have 2696 gold pieces (gained 23).
Things that are here:
a +0 long sword; an elf corpse
U - 31 large rocks (gained 1)
There is an open door here.
You see here a scroll of noise.
Found a stone staircase leading down.
There is an open door here.
Found a shortbow.
A deep elf zephyrmancer comes into view.
It is wielding a +0 rapier.
The deep elf zephyrmancer shouts!
A deep elf zephyrmancer is nearby!
A deep elf zephyrmancer is nearby!
You throw a large rock.
The large rock hits the deep elf zephyrmancer!!!
The deep elf zephyrmancer is almost dead.
The deep elf zephyrmancer points at you and mumbles some strange words.
The bolt of lightning hits you!!
The deep elf zephyrmancer casts a spell at you.
The bolt of lightning hits you!!!
You are too injured to fight recklessly!
A deep elf zephyrmancer is nearby!
A deep elf zephyrmancer is nearby!
Throw: 30 large rocks
Press: ? - help, Q - select action, (/) - cycle Shift-Dir - straight line, f/p - deep elf zephyrmancer
Aim: a deep elf zephyrmancer, wielding a +0 rapier (almost dead, 67% to hit)
You throw a large rock.
The large rock hits the deep elf zephyrmancer!!
You kill the deep elf zephyrmancer!
Cheibriados appreciates the change of pace.
Your pack is full.
You see here a scroll labelled DISAUD HUO.
Your pack is full.
You see here a scroll labelled DISAUD HUO.
Could not pick up a scroll labelled DISAUD HUO here; ([A]lways) ignore it? [Y]es, [N]o, or [A]lways only, please.
Could not pick up a scroll labelled DISAUD HUO here; ([A]lways) ignore it? [Y]es, [N]o, or [A]lways only, please.
Could not pick up a scroll labelled DISAUD HUO here; ([A]lways) ignore it?
Okay, then.
Unknown command.
As you read the scroll labelled DISAUD HUO, it crumbles to dust.
It is a scroll of brand weapon.
You aren't carrying any weapons that can be branded.
U - 31 large rocks (gained 2)
You see here a +0 rapier. 2 deep elf knights come into view.
The deep elf knight shouts! x2
The deep elf knight unwields a +0 scimitar.
The deep elf knight wields a +0 longbow.
The deep elf knight shoots an arrow.
You reflect the arrow off your +1 kite shield of reflection!
The arrow completely misses the deep elf knight.
The deep elf knight shoots an arrow.
The arrow hits you!
There are monsters nearby!
There are monsters nearby!
The deep elf knight gestures wildly while chanting.
The deep elf knight flickers and vanishes!
Deactivating autopickup; reactivate with Ctrl-A.
The deep elf knight shoots an arrow.
The arrow completely misses you.
There is an open door here.
You close the door.
You start waiting.
Something unseen opens the door.
You swing at nothing.
You mangle something!!
You swing at nothing.
You claw the deep elf knight!
The deep elf knight is lightly wounded.
You block something's attack.
The deep elf knight unwields a +0 longbow.
The deep elf knight wields a +0 scimitar.
The deep elf knight hits you with a +0 scimitar!
You eviscerate the deep elf knight!!!
You kill the deep elf knight!
Cheibriados thoroughly appreciates the change of pace.
You hear a shout!
Something hits you! You block something's attack.
Something completely misses you.
There is an open door, spattered with blood here.
Things that are here:
a +0 scimitar; a +0 longbow You swing at nothing.
A deep elf sorcerer comes into view. It is wielding a +0 long sword.
Something hits you. Something hits you!
You mangle something!!
Cheibriados appreciates the change of pace.
Reactivating autopickup.
You feel a bit more experienced.
You close the door, pushing everything out of the way.
Things that are here:
a +0 scimitar; a +0 buckler; a +0 scimitar You start resting.
Something unseen opens the door.
You close the door.
You start resting.
Something unseen opens the door.
You mangle the deep elf sorcerer!!
The deep elf sorcerer is heavily wounded.
You block the deep elf sorcerer's attack.
You mangle the deep elf sorcerer!!
The deep elf sorcerer is almost dead.
The deep elf sorcerer barely misses you.
You barely miss the deep elf sorcerer.
The deep elf sorcerer is almost dead.
The deep elf sorcerer casts a spell.
The deep elf sorcerer seems to speed up.
You mangle the deep elf sorcerer!!
You kill the deep elf sorcerer!
Cheibriados thoroughly appreciates the change of pace.
You see here a +0 longbow.
An earth elemental comes into view.
An earth elemental is nearby!
An earth elemental is nearby!
An earth elemental is nearby!
You scratch the earth elemental.
The earth elemental is lightly damaged.
You mangle the earth elemental!!
The earth elemental is severely damaged.
You block the earth elemental's attack.
You scratch the earth elemental.
The earth elemental is almost destroyed.
You eviscerate the earth elemental!!!
You destroy the earth elemental!
Cheibriados appreciates the change of pace.
No target in view!
There is an open door here.
An earth elemental comes into view.
The earth elemental moves out of view.
There is an open translucent door here.
An earth elemental is nearby!
An earth elemental is nearby!
You scratch the earth elemental but do no damage.
You scratch the earth elemental.
The earth elemental is lightly damaged.
The earth elemental hits you!
You barely miss the earth elemental.
The earth elemental is lightly damaged.
You barely miss the earth elemental.
The earth elemental is lightly damaged.
The earth elemental hits you but does no damage.
You scratch the earth elemental.
The earth elemental is lightly damaged.
You eviscerate the earth elemental!!!
You destroy the earth elemental!
Cheibriados appreciates the change of pace.
No target in view!
No target in view!
HP restored.
You now have 2708 gold pieces (gained 12).
I - 12 potions of heal wounds (gained 1)
A deep elf pyromancer comes into view. It is wielding a +0 dagger.
A deep elf pyromancer is nearby!
A deep elf pyromancer is nearby!
A deep elf pyromancer is nearby!
You throw a large rock. The deep elf pyromancer shouts!
The large rock hits the deep elf pyromancer!!!!
You kill the deep elf pyromancer!
Cheibriados thoroughly appreciates the change of pace.
You hear a shout!
A deep elf archer and a deep elf knight come into view.
The deep elf archer shouts!
The deep elf knight shouts!
The deep elf archer unwields a +0 dagger.
The deep elf archer wields a +0 shortbow.
The deep elf archer shoots an arrow.
The arrow barely misses you.
The deep elf knight gestures wildly while chanting.
The deep elf knight flickers and vanishes!
Deactivating autopickup; reactivate with Ctrl-A.
A deep elf pyromancer comes into view. It is wielding a +0 rapier.
The deep elf archer shoots an arrow.
The arrow barely misses you.
There are monsters nearby!
There are monsters nearby!
Throw: 30 large rocks
Press: ? - help, Q - select action, (/) - cycle Shift-Dir - straight line, f - deep elf pyromancer
Aim: a deep elf pyromancer, wielding a +0 rapier (67% to hit)
You throw a large rock.
The large rock hits the deep elf pyromancer!!
The deep elf pyromancer is severely wounded.
Throw: 29 large rocks
Press: ? - help, Q - select action, (/) - cycle Shift-Dir - straight line, f/p - deep elf pyromancer
Aim: a deep elf pyromancer, wielding a +0 rapier (severely wounded, 67% to hit)
You throw a large rock.
The large rock hits the deep elf pyromancer!!
You kill the deep elf pyromancer!
Cheibriados appreciates the change of pace.
Throw: 28 large rocks
Press: ? - help, Q - select action, (/) - cycle Shift-Dir - straight line, f - deep elf archer
Aim: a deep elf archer, wielding a +0 shortbow and wearing a +0 leather armour (repelling missiles, 27% to hit)
You throw a large rock.
The large rock closely misses the deep elf archer.
A deep elf archer comes into view. It is wielding a +0 short sword.
The deep elf archer shoots an arrow.
You reflect the arrow off your +1 kite shield of reflection!
The arrow completely misses the deep elf archer.
Throw: 27 large rocks
Press: ? - help, Q - select action, (/) - cycle Shift-Dir - straight line, f/p - deep elf archer
Aim: a deep elf archer, wielding a +0 shortbow and wearing a +0 leather armour (repelling missiles, 27% to hit)
You throw a large rock.
The large rock misses the deep elf archer.
The deep elf archer shouts!
The deep elf archer unwields a +0 short sword.
The deep elf archer wields a +0 longbow.
The deep elf archer shoots an arrow.
You reflect the arrow off your +1 kite shield of reflection!
The arrow hits the deep elf archer!
Throw: 26 large rocks
Press: ? - help, Q - select action, (/) - cycle Shift-Dir - straight line, f/p - deep elf archer
Aim: a deep elf archer, wielding a +0 shortbow and wearing a +0 leather armour (repelling missiles, 27% to hit)
You throw a large rock.
The deep elf archer shoots an arrow. x2; The arrow hits you!
Something hits you.
You eviscerate something!!!
Cheibriados thoroughly appreciates the change of pace.
Reactivating autopickup.
You feel a bit more experienced.
The deep elf archer shoots an arrow.
The arrow hits you!
The deep elf archer shoots an arrow.
The arrow hits you!!
The deep elf archer shoots an arrow.
The arrow barely misses you.
The deep elf archer shoots an arrow.
You reflect the arrow off your +1 kite shield of reflection!
The arrow completely misses the deep elf archer.
The deep elf archer shoots an arrow.
The arrow hits you!
Things that are here:
a +0 short sword; a +0 buckler; an elf corpse The deep elf archer unwields a +0 shortbow.
The deep elf archer wields a +0 dagger.
You block the deep elf archer's attack.
The deep elf archer shoots an arrow.
The arrow hits you!
The deep elf archer shoots an arrow.
You reflect the arrow off your +1 kite shield of reflection!
The arrow hits the deep elf archer!!
You block the deep elf archer's attack.
You see here a large rock.
You eviscerate the deep elf archer!!!
You kill the deep elf archer!
Cheibriados appreciates the change of pace.
The deep elf archer unwields a +0 longbow.
The deep elf archer wields a +0 short sword.
The deep elf archer hits you with a +0 short sword.
You scratch the deep elf archer.
The deep elf archer is severely wounded.
The deep elf archer hits you but does no damage.
You mangle the deep elf archer!!
You kill the deep elf archer!
Cheibriados appreciates the change of pace.
U - 26 large rocks (gained 1)
Items here: ))) [ †.
e - 10 scrolls of teleportation (gained 1)
Items here: )) [ †.
U - 27 large rocks (gained 1)
U - 28 large rocks (gained 1)
You see here a +0 dagger.
U - 30 large rocks (gained 2)
You see here a +0 long sword.
U - 31 large rocks (gained 1)
There is a broken door, spattered with blood here.
Items here: ))) [[.
Key pressed, stopping explore.
There is an open door here.
There is an entrance to Itzicroq's Distillery here.
There is a stone staircase leading up here.
Things that are here:
a +0 short sword; a +1 shortbow of flaming; a +0 leather armour
Things that are here:
a +0 falchion; a +0 falchion Key pressed, stopping explore.
You see here a +5 dagger.
A +5 dagger comes into view.
A +5 dagger is nearby!
A +5 dagger is nearby!
A +5 dagger is nearby!
You miss the +5 dagger.
The +5 dagger hits you but does no damage.
You block the +5 dagger's attack.
You closely miss the +5 dagger. You block the +5 dagger's attack.
The +5 dagger hits you but does no damage.
You scratch the +5 dagger.
The +5 dagger is moderately damaged.
The +5 dagger barely misses you.
You eviscerate the +5 dagger!!!
The +5 dagger falls from the air.
Cheibriados thoroughly appreciates the change of pace.
No target in view!
You see here a +5 dagger.
Found a runed translucent gate.
You see here a +5 dagger.
You see here a +5 dagger.
You see here 4 stones.
There is an open door here.
There is an open door here.
Key pressed, stopping explore.
You see here a +0 rapier.
Things that are here:
a +0 scimitar; a +0 buckler; a +0 scimitar
There is an open door, spattered with blood here.
Things that are here:
a +0 long sword; a +0 leather armour A deep elf knight comes into view.
It is wielding a +0 scimitar.
A deep elf knight is nearby!
You throw a large rock.
The large rock misses the deep elf knight.
The deep elf knight shouts!
The deep elf knight mumbles some strange words.
The deep elf knight flickers and vanishes!
Deactivating autopickup; reactivate with Ctrl-A.
Something hits you!
No target in view!
No target in view!
No target in view!
Something blocks your attack.
You hear some strange, mumbled words.
A lance of force appears from out of thin air!
The lance of force hits you!
You are knocked back by the lance of force.
Something hits you! You block something's attack. Something blocks your attack.
You hear some strange, mumbled words.
A shard of ice appears from out of thin air!
Your +1 kite shield of reflection reflects the shard of ice!
The shard of ice hits something!
You mangle something!!
Cheibriados thoroughly appreciates the change of pace.
Reactivating autopickup.
You feel a bit more experienced.
You now have 2740 gold pieces (gained 32).
Things that are here:
a +0 scimitar; a +0 chain mail; a +0 buckler
U - 31 large rocks (gained 1)
There is an open translucent door here.
There is an open door here.
You now have 2750 gold pieces (gained 10).
There is an open door here.
There is an open door here.
There is an open door here.
You see here a +0 long sword.
There is a broken door, spattered with blood here.
Items here: ))) [[.
Key pressed, stopping explore.
Things that are here:
a +0 rapier; a +0 leather armour
There is an open translucent door here.
There is an open translucent door here.
Key pressed, stopping explore.
Key pressed, stopping explore.
The deep elf pyromancer shouts!
Could not explore, unopened runed door.
Could not explore, unopened runed door.
Could not explore, unopened runed door.
Okay, then.
Unknown command.
Okay, then.
Unknown command.
You see here a +0 long sword.
There is a stone staircase leading down here.
You climb downwards.
The deep elf annihilator shouts!
The deep elf knight shouts!
You hear a shout! x10
Found a plate armour.
There is a stone staircase leading up here.
Throw: 31 large rocks
Press: ? - help, Q - select action, (/) - cycle Shift-Dir - straight line, f - deep elf annihilator
Aim: a deep elf annihilator, wielding a +0 dagger and wearing a +0 ring mail (69% to hit)
You throw a large rock.
The large rock completely misses the deep elf annihilator.
The deep elf annihilator gestures at you while chanting.
Your +1 kite shield of reflection reflects the iron shot!
The iron shot hits the deep elf annihilator!!!
You hear a shout!
Throw: 30 large rocks
Press: ? - help, Q - select action, (/) - cycle Shift-Dir - straight line, f/p - deep elf annihilator
Aim: a deep elf annihilator, wielding a +0 dagger and wearing a +0 ring mail (severely wounded, 69% to hit)
You throw a large rock.
The large rock hits the deep elf annihilator!
You kill the deep elf annihilator!
Cheibriados thoroughly appreciates the change of pace.
You hear a shout! x3
The deep elf knight hits you with a +0 long sword!
You eviscerate the deep elf knight!!!
The deep elf knight is almost dead.
You hear a shout! x3
The deep elf knight hits you with a +0 long sword!
You eviscerate the deep elf knight!!!
You kill the deep elf knight!
Cheibriados appreciates the change of pace.
Things that are here:
a +0 long sword; a +0 shortbow You claw the earth elemental!
The earth elemental is moderately damaged.
The earth elemental hits you!!
You claw the earth elemental!
The earth elemental is severely damaged.
You mangle the earth elemental!!
You destroy the earth elemental!
Cheibriados appreciates the change of pace.
No target in view!
No target in view!
An orc warrior comes into view. It is wielding a +0 mace.
An orc knight comes into view. It is wielding a +0 great mace.
The orc warrior shouts!
You eviscerate the orc knight!!!
The orc knight is heavily wounded.
You hear a shout! x6
An orc warrior comes into view. It is wielding a +0 long sword.
The orc knight hits you with a +0 great mace!
You hear a shout! x2
You mangle the orc knight!!
You kill the orc knight!
Cheibriados appreciates the change of pace.
You hear a shout!
You block the orc warrior's attack.
You eviscerate the orc warrior!!!
You kill the orc warrior!
Cheibriados thoroughly appreciates the change of pace.
You hear a shout!
You scratch the orc warrior.
The orc warrior is lightly wounded.
The orc warrior hits you but does no damage.
You scratch the orc warrior.
The orc warrior is lightly wounded.
The orc warrior hits you with a +0 mace.
You claw the orc warrior!
The orc warrior is severely wounded.
The orc warrior hits you with a +0 mace!
An orc warrior comes into view. It is wielding a +0 war axe.
You mangle the orc warrior!!
You kill the orc warrior!
Cheibriados thoroughly appreciates the change of pace.
The orc warrior hits you with a +0 war axe.
You block the orc warrior's attack.
An orc warrior comes into view. It is wielding a +0 trident.
Items here: )) [[ †.
You claw the orc warrior!
The orc warrior is heavily wounded.
You hear a shout!
You block the orc warrior's attack.
The orc warrior hits you from afar with a +0 trident.
You claw the orc warrior!
The orc warrior is almost dead.
The orc warrior barely misses you.
An orc knight comes into view. It is wielding a +0 great sword.
You mangle the orc warrior!!
You kill the orc warrior!
Cheibriados thoroughly appreciates the change of pace.
An orc warrior comes into view. It is wielding a +0 halberd.
You mangle the orc warrior!!
The orc warrior is severely wounded.
You hear a shout! x3
You barely miss the orc warrior.
The orc warrior is severely wounded.
You closely miss the orc warrior.
The orc warrior is severely wounded.
The orc warrior hits you with a +0 halberd!
The orc knight hits you with a +0 great sword!!
You block the orc warrior's attack.
You are too injured to fight recklessly!
You are too injured to fight recklessly!
You barely miss the orc warrior.
The orc warrior is severely wounded.
The orc warrior hits you with a +0 halberd!
The orc knight hits you with a +0 great sword!!
* * * LOW HITPOINT WARNING * * *
You block the orc warrior's attack.
You mangle the orc warrior!!
You kill the orc warrior!
Cheibriados thoroughly appreciates the change of pace.
You block the orc knight's attack. You block the orc warrior's attack.
You mangle the orc knight!!
The orc knight is heavily wounded.
You mangle the orc knight!!
The orc knight is severely wounded.
The orc knight roars a battlecry!
The orc warrior goes into a battle-frenzy!
The orc warrior barely misses you.
You eviscerate the orc knight!!!
You kill the orc knight!
Cheibriados thoroughly appreciates the change of pace.
An orc warrior comes into view.
It is wielding a +2 halberd of protection.
You block the orc warrior's attack.
You mangle the orc warrior!!
The orc warrior is almost dead.
The orc warrior hits you from afar with a +0 trident!
* * * LOW HITPOINT WARNING * * *
An orc knight comes into view. It is wielding a +2 long sword.
Okay, then.
Aiming: Charm
Press: ? - help, Shift-Dir - straight line, f - orc knight
Aim: an orc knight, wielding a +2 long sword and wearing a +0 plate armour (strong, chance to affect: 31%)
Okay, then.
Unknown command.
Aiming: Phantom Mirror
Press: ? - help, Dir - move target, f - orc knight
Aim: an orc knight, wielding a +2 long sword and wearing a +0 plate armour (strong)
You reflect the orc knight with the mirror!
The mirror clouds!
An orc knight comes into view. It is wielding a +3 bardiche.
You scratch the orc knight.
The orc knight is lightly wounded.
Your orc knight closely misses the orc knight.
The orc knight roars a battlecry!
You hear a shout!
You barely miss the orc knight.
The orc knight is lightly wounded.
You hear a shout!
You scratch the orc knight but do no damage.
The orc knight is lightly wounded.
You block the orc knight's attack.
The orc knight hits you from afar with a +3 bardiche!!!
* * * LOW HITPOINT WARNING * * *
Your orc knight hits the orc knight with a +2 long sword.
You fail to use your ability.
You block the orc knight's attack.
The orc knight hits you from afar with a +3 bardiche!!
You die...

# ... . #.
....# # #.
..#.##. #..
#.#...
#.##.#.# #
#......##.#
#.)..[..#
#.<.....#
#@).....#
#oo)........
#.##o).....#.
# #########


You could see 2 orc knights and a friendly orc knight (summoned, strong,
drained).

Vanquished Creatures
  2 thorn hunters
  Kirke (Elf:1)
  Roxanne (Snake:1)
  14 nagarajas
  A fenstrider witch (Swamp:4)
  2 deep elf sorcerers
  Aizul (Snake:1)
  5 ghouls
  2 ironbound preservers
  2 eleionomae
  The ghost of Fifowuza the Grappler, a journeyman DrTm of Wu Jian (Lair:4)
  2 deep elf annihilators
  A minotaur (Lair:4)
  4 bunyips
  A deep elf death mage (Elf:2)
  A deep elf high priest (Elf:2)
  6 salamander tyrants
  6 boulder beetles
  14 hydras
  3 ghost crabs
  3 ogre magi
  An ironbound frostheart (Vaults:1)
  A catoblepas (Lair:4)
  5 centaur warriors
  6 anacondas
  7 dancing weapons
  15 two-headed ogres
  24 naga warriors
  A tengu warrior (D:13)
  A death knight (D:13)
  8 alligators
  9 death yaks (Lair:4)
  An orc high priest (Orc:2)
  3 thrashing horrors (Lair:5)
  12 deep elf knights
  2 large abominations (Gauntlet)
  11 naga sharpshooters
  7 shock serpents
  6 salamander mystics
  A skeletal warrior (D:15)
  A titan skeleton (D:15)
  A death drake (Gauntlet)
  3 goliath frogs
  5 deep trolls
  5 spriggan druids
  5 deep elf archers (Elf:2)
  3 naga ritualists
  7 swamp dragons
  3 bog bodies
  A sphinx zombie (D:15)
  2 lindwurms (Vaults:1)
  18 deep elf zephyrmancers
  4 orc knights
  16 ugly things
  26 deep elf pyromancers
  12 salamanders
  A spectral centaur (Gauntlet)
  5 mana vipers
  3 manticores
  2 orc sorcerers (Orc:1)
  8 cyclopes
  15 elephants
  A frost giant zombie (D:15)
  5 guardian serpents
  A smoke demon (Gauntlet)
  19 naga magi
  2 gargoyles
  30 black mambas
  10 cane toads
  A kobold demonologist (D:9)
  2 rime drakes
  7 komodo dragons
  3 ancient zymes (Lair:5)
  3 burning bushes (Lair:5)
  A tengu conjurer (D:13)
  A guardian mummy (D:15)
  18 trolls
  2 bloated husks
  A polar bear (Lair:3)
  6 tyrant leeches
  Prince Ribbit (D:6)
  A wolf spider simulacrum (D:14)
  6 hornets
  21 blink frogs
  A water elemental (Elf:1)
  A vampire (D:11)
  A spriggan (shapeshifter) (Lair:5)
  2 ynoxinuls (Lair:5)
  A wraith (D:10)
  A basilisk (shapeshifter) (Lair:5)
  44 yaks
  2 wyverns
  4 hogs (Elf:1)
  10 spriggans
  4 basilisks
  2 chaos spawn (Lair:5)
  2 steam dragons
  2 fire elementals (Elf:1)
  12 vampire mosquitoes
  19 swamp worms
  18 small abominations
  41 nagas
  3 wargs
  11 water moccasins
  18 orc warriors
  8 swamp drakes
  4 black bears
  2 ice beasts
  6 centaurs
  24 ogres
  9 wolves
  A phantom (D:6)
  4 kobold brigands
  12 bullfrogs
  A gnoll sergeant (D:5)
  A scorpion (D:7)
  2 necrophages
  5 earth elementals
  10 killer bees
  4 howler monkeys
  4 crimson imps (Gauntlet)
  5 hounds
  A gnoll bouda (D:8)
  5 jellies
  A spectral boggart (Gauntlet)
  Crazy Yiuf (D:2)
  7 orc priests
  2 iguanas
  10 orc wizards
  7 gnolls
  11 adders
  A shadow imp (D:7)
  2 white imps (D:7)
  3 ufetubi
  2 worms
  A dart slug (D:1)
  43 orcs
  11 ball pythons
  16 endoplasms
  13 giant cockroaches
  8 goblins
  8 hobgoblins
  8 quokkas
  8 bats
  7 frilled lizards
  33 kobolds
  4 rats
  A bush (D:9)
997 creatures vanquished.

Vanquished Creatures (collateral kills)
  A minotaur (Gauntlet)
1 creature vanquished.

Vanquished Creatures (others)
  A deep elf knight (Elf:1)
  A deep elf archer (Elf:2)
  A deep elf zephyrmancer (Elf:1)
  3 humans (Elf:1)
  A naga (Snake:1)
  10 bushes
  3 fungi
  12 plants
  5 toadstools (D:2)
37 creatures vanquished.

Grand Total: 1035 creatures vanquished

Notes
Turn   | Place    | Note
-------+----------+-------------------------------------------
     0 | D:1      | sleeves the Troll Hedge Wizard began the quest for the Orb.
     0 | D:1      | Reached XP level 1. HP: 16/16 MP: 2/2
    42 | D:1      | Reached skill level 1 in Unarmed Combat
    66 | D:1      | Reached XP level 2. HP: 24/24 MP: 4/4
    66 | D:1      | Found a faded altar of an unknown god.
   108 | D:1      | Prayed at the altar of an unknown god.
   108 | D:1      | Became a worshipper of Cheibriados the Contemplative
   108 | D:1      | Reached * piety under Cheibriados
   143 | D:1      | Reached skill level 2 in Unarmed Combat
   554 | D:2      | Reached XP level 3. HP: 31/31 MP: 5/5
   566 | D:2      | Reached ** piety under Cheibriados
   748 | D:2      | Reached skill level 1 in Shields
   927 | D:2      | Reached skill level 3 in Unarmed Combat
  1009 | D:2      | Found a runed translucent door.
  1010 | D:2      | Noticed Crazy Yiuf
  1065 | D:2      | Reached XP level 4. HP: 39/39 MP: 6/6
  1214 | D:2      | Reached *** piety under Cheibriados
  1521 | D:2      | HP: 17/39 [Crazy Yiuf/+3 quarterstaff of chaos (12)]
  1522 | D:2      | Killed Crazy Yiuf
  1523 | D:2      | Reached skill level 2 in Shields
  1526 | D:2      | HP: 11/39 [poisoned by Crazy Yiuf]
  1531 | D:2      | HP: 12/39 [poisoned by Crazy Yiuf]
  1536 | D:2      | HP: 14/39 [poisoned by Crazy Yiuf]
  1717 | D:3      | Found a broken altar of Ashenzari.
  2237 | D:4      | Reached XP level 5. HP: 45/45 MP: 7/7
  2258 | D:3      | Reached skill level 4 in Unarmed Combat
  2278 | D:4      | Reached skill level 3 in Shields
  2326 | D:3      | HP: 19/45 [orc priest/divine providence (11)]
  2329 | D:3      | HP: 7/45 [orc/+0 flail (7)]
  2555 | D:4      | Reached XP level 6. HP: 53/53 MP: 8/8
  2587 | D:4      | Reached **** piety under Cheibriados
  2849 | D:5      | Entered Level 5 of the Dungeon
  2885 | D:5      | HP: 18/53 [ogre/+0 giant spiked club (20)]
  2887 | D:5      | Reached skill level 5 in Unarmed Combat
  3203 | D:4      | Reached skill level 4 in Shields
  3220 | D:5      | Noticed an ice beast
  3230 | D:4      | Reached skill level 1 in Throwing
  3323 | D:5      | Found a staircase to the Ecumenical Temple.
  3395 | D:5      | Reached XP level 7. HP: 39/59 MP: 9/9
  3762 | D:6      | Noticed a steam dragon
  3876 | D:6      | Found a glowing drain.
  3892 | D:6      | Reached skill level 2 in Throwing
  3908 | Sewer    | Entered a sewer
  4021 | Sewer    | Reached ***** piety under Cheibriados
  4121 | Sewer    | Reached skill level 6 in Unarmed Combat
  4166 | D:6      | Reached skill level 5 in Shields
  4361 | D:6      | Reached skill level 3 in Throwing
  4361 | D:6      | Reached XP level 8. HP: 38/67 MP: 10/10
  4418 | D:6      | Noticed Prince Ribbit
  4446 | D:6      | Killed Prince Ribbit
  4992 | D:5      | Reached skill level 4 in Throwing
  5043 | D:6      | Reached skill level 7 in Unarmed Combat
  5346 | D:6      | Reached skill level 6 in Shields
  5558 | D:7      | Reached skill level 5 in Throwing
  5587 | D:7      | Reached XP level 9. HP: 74/74 MP: 11/11
  5608 | D:7      | HP: 37/74 [poisoned by a killer bee]
  5768 | D:7      | Reached skill level 8 in Unarmed Combat
  6029 | D:7      | Reached ****** piety under Cheibriados
  6199 | D:8      | Reached skill level 6 in Throwing
  6315 | D:8      | Found Raeg's Armour Shop.
  6488 | D:8      | Reached skill level 9 in Unarmed Combat
  6491 | D:8      | Reached skill level 7 in Throwing
  6499 | D:8      | HP: 27/74 [yak (15)]
  6636 | D:8      | Got the Compendium of Sinister Interference
  6805 | D:8      | HP: 32/74 [killer bee (7)]
  6806 | D:8      | HP: 13/74 [shot self (12)]
  6811 | D:8      | HP: 15/74 [poisoned by a killer bee]
  7183 | D:9      | Noticed a kobold demonologist
  7189 | D:9      | Noticed a sixfirhy
  7190 | D:9      | Killed a kobold demonologist
  7191 | D:9      | Reached XP level 10. HP: 81/81 MP: 12/12
  7249 | D:9      | Noticed a two-headed ogre
  7255 | D:9      | Killed a two-headed ogre
  7256 | D:9      | Reached skill level 8 in Throwing
  7256 | D:9      | Reached skill level 10 in Unarmed Combat
  7560 | D:9      | Reached skill level 9 in Throwing
  7871 | D:10     | Entered Level 10 of the Dungeon
  7885 | D:10     | Reached skill level 11 in Unarmed Combat
  8116 | D:10     | Reached XP level 11. HP: 81/88 MP: 13/13
  8191 | D:10     | Found Pupt's Book Shoppe.
  8209 | D:10     | Found a burning altar of Makhleb.
  8209 | D:10     | Found a stormy altar of Qazlal.
  8210 | D:10     | Found a shimmering blue altar of Sif Muna.
  8230 | D:10     | Found a staircase to the Orcish Mines.
  8611 | D:10     | CougarLife: ooo chei run
  8611 | D:10     | sleeves: i worshipped a faded altar
  8611 | D:10     | sleeves: d1 chei lol
  8614 | D:10     | CougarLife: yeah they give random god
  8640 | D:10     | Got the Directory of Stony Shapeshifting
  8672 | D:10     | Found a staircase to the Lair.
  8673 | D:10     | sleeves: guess we going necro
  8673 | D:10     | CougarLife: for if your games arent rng enough already
  8681 | D:10     | CougarLife: wdym going necro
  8681 | D:10     | CougarLife: did you get necromut?
  8681 | D:10     | sleeves: i got necromut and revive
  8697 | D:11     | CougarLife: o
  8771 | D:10     | CougarLife: is this a oneandwon combo you havent done yet
  8843 | D:11     | sleeves: yeah
  8857 | D:11     | Identified the +3 ring mail of Plasticity {+Blink rCorr}
  9004 | D:11     | Reached skill level 1 in Invocations
  9061 | D:11     | Reached skill level 10 in Throwing
  9309 | Lair:1   | Entered Level 1 of the Lair of Beasts
  9323 | Lair:1   | Reached skill level 12 in Unarmed Combat
  9330 | Lair:1   | Reached skill level 2 in Invocations
  9464 | Lair:1   | Reached skill level 3 in Invocations
  9525 | Lair:1   | Reached skill level 4 in Invocations
 10322 | Lair:2   | Reached skill level 13 in Unarmed Combat
 10322 | Lair:2   | Reached skill level 5 in Invocations
 10475 | Lair:2   | Reached skill level 6 in Invocations
 10475 | Lair:2   | Reached XP level 12. HP: 80/96 MP: 15/15
 10907 | Lair:2   | Noticed Urug
 10909 | Lair:2   | Noticed Urug
 10909 | Lair:2   | Urug changed into Urug the manticore
 10917 | Lair:2   | Killed Urug the manticore
 11296 | Lair:3   | Found a staircase to the Swamp.
 11314 | Lair:3   | Reached skill level 7 in Invocations
 11338 | Lair:3   | Found a staircase to the Snake Pit.
 11416 | Lair:3   | HP: 43/96 [cane toad (18)]
 11418 | Lair:3   | Reached skill level 14 in Unarmed Combat
 11421 | Lair:3   | HP: 46/96 [poisoned by a cane toad]
 11543 | Lair:3   | Noticed Nessos
 11562 | Lair:3   | Noticed Nessos
 11562 | Lair:3   | Nessos changed into Nessos the black bear
 11568 | Lair:3   | Killed Nessos the black bear
 12314 | Lair:4   | Noticed a minotaur
 12316 | Lair:4   | Noticed Fifowuza's ghost (journeyman DrTm)
 12329 | Lair:4   | Found a runed translucent gate.
 12329 | Lair:4   | Found a runed translucent gate.
 12329 | Lair:4   | Found a runed translucent gate.
 12382 | Lair:4   | Reached skill level 8 in Invocations
 12467 | Lair:4   | Noticed a death yak
 12467 | Lair:4   | Noticed a death yak
 12477 | Lair:4   | Killed a death yak
 12481 | Lair:4   | Noticed a death yak
 12483 | Lair:4   | Noticed a death yak
 12487 | Lair:4   | Noticed a death yak
 12487 | Lair:4   | Noticed a death yak
 12490 | Lair:4   | Killed a death yak
 12491 | Lair:4   | HP: 40/96 [death yak (11)]
 12494 | Lair:4   | Killed a death yak
 12623 | Lair:4   | Killed a death yak
 12631 | Lair:4   | Killed a death yak
 12632 | Lair:4   | Reached skill level 15 in Unarmed Combat
 12632 | Lair:4   | HP: 48/96 [death yak (24)]
 12636 | Lair:4   | Killed a death yak
 12637 | Lair:4   | Reached skill level 9 in Invocations
 12753 | Lair:4   | Noticed a death yak
 12753 | Lair:4   | Noticed a catoblepas
 12986 | Lair:5   | Entered Level 5 of the Lair of Beasts
 12988 | Lair:5   | Noticed a death yak
 13005 | Lair:4   | Reached XP level 13. HP: 104/104 MP: 18/18
 13029 | Lair:4   | Reached skill level 1 in Fighting
 13194 | Orc:1    | Entered Level 1 of the Orcish Mines
 13194 | Orc:1    | Found an iron altar of Okawaru.
 13350 | Orc:1    | Reached skill level 2 in Fighting
 13429 | Orc:1    | Found Leeguory's General Store.
 13718 | Orc:2    | Entered Level 2 of the Orcish Mines
 14097 | Orc:2    | sleeves: my troll is a crip now
 14122 | Orc:2    | sleeves: green troll in blue troll disguise
 14154 | Orc:1    | HP: 52/110 [orc warrior/+0 battleaxe[an orc knight] (17)]
 14197 | Orc:2    | HP: 32/110 [two-headed ogre/+0 dire flail (31)]
 14199 | Orc:2    | Reached skill level 3 in Fighting
 14201 | Orc:1    | HP: 14/111 [troll (3)]
 14306 | Orc:2    | Reached skill level 10 in Invocations
 14414 | Orc:2    | Reached skill level 4 in Fighting
 14573 | Orc:2    | Reached skill level 16 in Unarmed Combat
 14670 | Orc:2    | Reached skill level 5 in Fighting
 14753 | Orc:2    | Found Muxonty's General Store.
 14754 | Orc:2    | Found Meumoge's Weapon Emporium.
 14806 | Orc:2    | Found Jarphot's Book Boutique.
 14815 | Orc:2    | Found a staircase to the Elven Halls.
 14821 | Orc:2    | Found Cuucse's Assorted Antiques.
 15291 | D:12     | Found a gate leading to a gauntlet.
 15337 | Gauntlet | Entered a Gauntlet
 15337 | Gauntlet | Found a transporter.
 15337 | Gauntlet | Found a transporter.
 15337 | Gauntlet | Found a runed translucent door.
 15338 | Gauntlet | Found a runed translucent door.
 15349 | Gauntlet | Found a transporter.
 15367 | Gauntlet | Found a transporter.
 15367 | Gauntlet | Found a transporter.
 15369 | Gauntlet | Found a transporter.
 15369 | Gauntlet | Found a transporter.
 15370 | Gauntlet | Found a transporter.
 15381 | Gauntlet | Found a transporter.
 15397 | Gauntlet | Found a transporter.
 15405 | Gauntlet | Found a runed translucent door.
 15407 | Gauntlet | Found a transporter.
 15409 | Gauntlet | Found a runed translucent door.
 15409 | Gauntlet | Noticed a balrug
 15424 | Gauntlet | Found a transporter.
 15443 | Gauntlet | Found a transporter.
 15457 | Gauntlet | Found a transporter.
 15527 | Gauntlet | Reached skill level 11 in Invocations
 15530 | Gauntlet | Reached XP level 14. HP: 109/127 MP: 21/21
 15569 | Gauntlet | CougarLife: are you wearing blue troll leather wtf
 15572 | Gauntlet | sleeves: yes
 15572 | Gauntlet | CougarLife: thats so fucked youre wearing the skin of a
                  | cousin
 15613 | Gauntlet | CougarLife: this lab is really easy wtf
 15623 | Gauntlet | HP: 55/128 [poisoned by a death drake (dark miasma)]
 15628 | Gauntlet | HP: 62/128 [poisoned by a death drake (dark miasma)]
 15642 | Gauntlet | sleeves: also shit items lol
 15642 | Gauntlet | CougarLife: yeah true
 15669 | Gauntlet | Identified the +6 long sword "Liaval" {flame, *Noise Will-
                  | rCorr Int+5}
 15670 | Gauntlet | CougarLife: holy fuck
 15670 | Gauntlet | CougarLife: that sword is scary
 15670 | Gauntlet | sleeves: yea im dead
 15670 | Gauntlet | sleeves: maybe
 15672 | Gauntlet | CougarLife: nah just beat his ass
 15673 | Gauntlet | Reached skill level 6 in Fighting
 15673 | Gauntlet | CougarLife: easy
 15673 | Gauntlet | sleeves: no he dead
 15678 | Gauntlet | CougarLife: are you lvling necro yet or still too earlyt
 15678 | Gauntlet | sleeves: 8 javs
 15678 | Gauntlet | sleeves: thats nice
 15678 | Gauntlet | sleeves: no too early
 15684 | Gauntlet | Got the Octavo of Transposed Contamination
 15694 | Gauntlet | CougarLife: cloak
 15699 | Gauntlet | CougarLife: nice
 16256 | D:12     | Learned a level 2 spell: Blink
 16453 | D:13     | Noticed an ironbound preserver
 16467 | D:13     | Killed an ironbound preserver
 16468 | D:13     | Reached skill level 11 in Throwing
 16517 | D:13     | Found a gate to the Vaults.
 16651 | D:13     | Reached skill level 7 in Shields
 16813 | D:14     | Found an opulent altar of Gozag.
 16978 | D:14     | Reached skill level 7 in Fighting
 17319 | D:14     | Identified the +3 robe "Gothab" {Harm rC++}
 17548 | D:15     | Entered Level 15 of the Dungeon
 17662 | D:15     | Reached skill level 8 in Shields
 17823 | D:15     | Reached skill level 8 in Fighting
 17922 | D:15     | Found a staircase to the Depths.
 17940 | D:15     | Reached XP level 15. HP: 86/143 MP: 22/22
 18091 | D:15     | Reached skill level 12 in Throwing
 18454 | Lair:4   | Killed Fifowuza's ghost
 18732 | Lair:5   | Reached skill level 9 in Shields
 18915 | Lair:5   | Learned a level 4 spell: Dispel Undead
 18938 | Lair:5   | HP: 64/145 [spriggan (shapeshifter) (10)]
 18943 | Lair:5   | HP: 65/145 [spriggan (shapeshifter) (1)]
 18950 | Lair:5   | HP: 70/145 [small abomination (15)]
 19170 | Lair:5   | Reached skill level 1 in Necromancy
 19189 | Lair:5   | HP: 70/145 [ancient zyme (3)]
 19426 | Lair:5   | Reached skill level 9 in Fighting
 19502 | Lair:5   | Reached skill level 2 in Necromancy
 19574 | Lair:5   | Identified the +7 great sword of Res Nullius {vorpal, *Rage
                  | rC+ rCorr Dex+9}
 19626 | Lair:5   | Identified the +12 mace "Ufrum" {speed, rC+}
 19676 | Lair:5   | Found a corrupted altar of Lugonu.
 19676 | Lair:5   | Found a one-way gate to the infinite horrors of the Abyss.
 19885 | Lair:5   | Found a viscous altar of Jiyva.
 19885 | Lair:5   | Found a staircase to the Slime Pits.
 20088 | Swamp:1  | Entered Level 1 of the Swamp
 20239 | Swamp:1  | Identified the +5 short sword of Dissent {elec, Str+2}
 20416 | Swamp:1  | Noticed a thorn hunter
 20453 | Swamp:1  | Killed a thorn hunter
 20454 | Swamp:1  | Reached skill level 1 in Translocations
 20767 | Swamp:2  | Reached skill level 13 in Throwing
 20768 | Swamp:2  | Reached skill level 10 in Shields
 20770 | Swamp:2  | Reached skill level 2 in Translocations
 20773 | Swamp:2  | HP: 62/148 [alligator[a spriggan druid] (20)]
 20775 | Swamp:2  | HP: 29/148 [poisoned by a swamp dragon (poison gas)]
 20776 | Swamp:2  | HP: 13/148 [poisoned by a swamp dragon (blast of poison)]
 20782 | Swamp:2  | HP: 26/149 [swamp dragon/blast of poison (6)]
 20787 | Swamp:1  | HP: 14/149 [poisoned by a swamp dragon (poison gas)]
 20793 | Swamp:1  | HP: 20/149 [poisoned by a swamp dragon (poison gas)]
 20799 | Swamp:1  | HP: 28/149 [poisoned by a swamp dragon (poison gas)]
 20907 | Swamp:2  | HP: 74/149 [poison (poison gas)]
 20912 | Swamp:2  | HP: 57/149 [poison (poison gas)]
 20917 | Swamp:2  | HP: 53/149 [poison (poison gas)]
 20922 | Swamp:2  | HP: 57/149 [poison (poison gas)]
 20928 | Swamp:2  | HP: 65/149 [poison (poison gas)]
 21099 | Snake:1  | Entered Level 1 of the Snake Pit
 21116 | Lair:3   | HP: 74/149 [salamander mystic/+0 dagger (18)]
 21120 | Lair:3   | Reached XP level 16. HP: 47/157 MP: 23/23
 21195 | Snake:1  | Identified Roxanne's Cyclopedia of Transmigration
 21195 | Snake:1  | Noticed Roxanne
 21355 | Lair:3   | Reached skill level 3 in Translocations
 21459 | Snake:1  | Noticed Aizul
 21468 | Snake:1  | Killed Aizul
 21469 | Snake:1  | Reached skill level 10 in Fighting
 21612 | Snake:1  | Got Sif Muna's Spellbook of the Coals
 21647 | Snake:1  | Learned a level 3 spell: Portal Projectile
 21654 | Snake:1  | Learned a level 6 spell: Dispersal
 21864 | Swamp:2  | HP: 68/158 [swamp worm (18)]
 21870 | Swamp:2  | HP: 31/158 [swamp worm (9)]
 22035 | Swamp:2  | Reached skill level 4 in Translocations
 22589 | Swamp:3  | Identified the +4 chain mail "Maequsem" {Int+5}
 22689 | Swamp:3  | CougarLife: did you slouch a bunch
 22692 | Swamp:3  | CougarLife: how did you drop piety
 22692 | Swamp:3  | sleeves: yeah
 22692 | Swamp:3  | sleeves: i almost died
 22692 | Swamp:3  | sleeves: a bunch
 22696 | Swamp:3  | CougarLife: i see
 22699 | Swamp:3  | CougarLife: yeah youre in swamp
 22699 | Swamp:3  | sleeves: swamp worms keep grabbing me
 22699 | Swamp:3  | CougarLife: with 16 ac
 22699 | Swamp:3  | sleeves: and putting me in shit places
 22699 | Swamp:3  | CougarLife: yeah
 22699 | Swamp:3  | CougarLife: they also hurt
 22699 | Swamp:3  | sleeves: snake is worse right now unfortunately
 22721 | Swamp:3  | CougarLife: they arent doing much damage to you only
                  | because youre killing them quicker
 22723 | Swamp:3  | sleeves: yeah
 23043 | Swamp:4  | Entered Level 4 of the Swamp
 23138 | Swamp:4  | Noticed a thorn hunter
 23142 | Swamp:4  | Killed a thorn hunter
 23179 | Swamp:4  | Reached skill level 14 in Throwing
 23181 | Swamp:4  | HP: 78/158 [necrophage (4)]
 23182 | Swamp:4  | HP: 30/158 [ghoul (14)]
 23187 | Swamp:4  | HP: 36/158 [poisoned by a swamp dragon (blast of poison)]
 23192 | Swamp:3  | HP: 43/158 [poisoned by a swamp dragon (blast of poison)]
 23253 | Swamp:3  | sleeves: welp ima die soon
 23311 | Swamp:3  | Reached skill level 5 in Translocations
 23389 | Snake:2  | sleeves: out of blinks
 23389 | Snake:2  | sleeves: idk what to do now
 24052 | Swamp:4  | sleeves: i feel like this is a lerny vault
 24121 | Swamp:4  | Noticed the 27-headed Lernaean hydra
 24121 | Swamp:4  | sleeves: yeah
 24125 | Swamp:4  | HP: 77/158 [the 27-headed Lernaean hydra (7)]
 24126 | Swamp:4  | sleeves: gg
 24205 | Swamp:4  | sleeves: sigh
 24205 | Swamp:4  | sleeves: mid game is so hard on a troll
 24275 | Snake:1  | Killed Roxanne
 24657 | Snake:2  | sleeves: yaaa
 24665 | Snake:2  | HP: 73/158 [asphyx]
 24669 | Snake:2  | sleeves: yeah
 24669 | Snake:2  | sleeves: cool
 24670 | Snake:2  | HP: 42/158 [poisoned by a naga (splash of poison)]
 24673 | Snake:1  | HP: 19/158 [salamander/+3 trident (19)]
 24673 | Snake:1  | HP: 9/158 [salamander/+3 trident (10)]
 24961 | Snake:2  | Reached skill level 6 in Translocations
 25025 | Snake:2  | Learned a level 6 spell: Statue Form
 25032 | Snake:2  | Found Pugreq's Jewellery Boutique.
 25225 | Snake:2  | Reached XP level 17. HP: 144/166 MP: 24/24
 25309 | Snake:2  | Reached skill level 17 in Unarmed Combat
 25438 | Snake:2  | HP: 80/166 [naga/+0 glaive (9)]
 25443 | Snake:2  | HP: 63/166 [poisoned by naga (concentrated venom)]
 25448 | Snake:2  | HP: 73/166 [poisoned by naga (concentrated venom)]
 25653 | Snake:3  | Found a hide-covered altar of Uskayaw.
 25723 | Snake:3  | Identified the +7 scale mail "Uhorug" {Int+2}
 25765 | Snake:3  | HP: 80/166 [naga warrior/+0 halberd of venom (11)]
 25774 | Snake:2  | Reached skill level 3 in Spellcasting
 25914 | Snake:3  | Reached skill level 15 in Throwing
 25925 | Snake:3  | HP: 77/166 [shock serpent (13)]
 26124 | Snake:3  | Reached skill level 4 in Spellcasting
 26502 | Snake:4  | Entered Level 4 of the Snake Pit
 26748 | Snake:4  | Reached skill level 5 in Spellcasting
 26798 | Snake:4  | Reached skill level 1 in Earth Magic
 26841 | Snake:4  | Reached skill level 1 in Transmutations
 26940 | Snake:4  | Reached skill level 2 in Earth Magic
 27112 | Snake:4  | Reached skill level 2 in Transmutations
 27224 | Snake:4  | Reached skill level 3 in Earth Magic
 27228 | Snake:4  | HP: 76/166 [naga warrior/+0 dire flail (14)]
 27341 | Snake:4  | Reached skill level 3 in Transmutations
 27425 | Snake:4  | Reached skill level 4 in Earth Magic
 27710 | Snake:4  | Found Natoner's Armour Boutique.
 27741 | Snake:4  | Found Fidwih's Distillery.
 27752 | Snake:4  | Learned a level 3 spell: Lesser Beckoning
 27752 | Snake:4  | CougarLife: mid game feels hard on everybody
 27752 | Snake:4  | sleeves: nah
 27752 | Snake:4  | sleeves: i think its easy on casters
 27754 | Snake:4  | Bought 2 potions of heal wounds for 140 gold pieces
 27754 | Snake:4  | Bought a potion of resistance for 140 gold pieces
 27754 | Snake:4  | Bought a potion of heal wounds for 70 gold pieces
 27754 | Snake:4  | Bought a potion of curing for 42 gold pieces
 27754 | Snake:4  | Bought a potion of curing for 42 gold pieces
 27754 | Snake:4  | CougarLife: thats fair i guess
 27754 | Snake:4  | Bought a potion of invisibility for 112 gold pieces
 27754 | Snake:4  | CougarLife: normally i dont get that far lol
 27754 | Snake:4  | sleeves: play a conjurer
 27754 | Snake:4  | CougarLife: tried
 27754 | Snake:4  | CougarLife: not a fan
 27754 | Snake:4  | sleeves: really
 27754 | Snake:4  | CougarLife: ye
 27754 | Snake:4  | sleeves: it has huge damage and can survive
 27754 | Snake:4  | CougarLife: could be that idk how to play it tho
 27754 | Snake:4  | sleeves: possibly
 27754 | Snake:4  | sleeves: it is a bit different
 27828 | Snake:4  | Reached skill level 4 in Transmutations
 27882 | Snake:4  | HP: 83/166 [nagaraja/+0 flail (15)]
 27887 | Snake:4  | HP: 57/166 [poisoned by a nagaraja (bolt of poison)]
 27889 | Snake:4  | Reached skill level 5 in Earth Magic
 27892 | Snake:4  | HP: 66/166 [poisoned by a nagaraja (bolt of poison)]
 28102 | Snake:4  | HP: 80/166 [constriction (4)]
 28107 | Snake:4  | HP: 73/166 [poisoned by a nagaraja (poison arrow)]
 28113 | Snake:4  | HP: 79/166 [poisoned by a nagaraja (poison arrow)]
 28252 | Snake:4  | Got a serpentine rune of Zot
 28489 | Snake:4  | Reached XP level 18. HP: 136/174 MP: 22/25
 28501 | Snake:4  | Reached skill level 5 in Transmutations
 28501 | Snake:4  | Reached skill level 6 in Earth Magic
 28803 | Snake:4  | HP: 61/174 [nagaraja/+0 halberd (35)]
 28805 | Snake:4  | HP: 27/174 [salamander tyrant (10)]
 28805 | Snake:4  | HP: 9/174 [salamander tyrant (18)]
 29310 | Vaults:1 | Entered Level 1 of the Vaults
 29314 | Vaults:1 | HP: 77/174 [lindwurm/blast of flame (31)]
 29424 | Vaults:1 | HP: 86/174 [ironbound preserver/+0 mace (16)]
 29431 | Vaults:1 | HP: 67/174 [ironbound frostheart/creeping frost (16)]
 29601 | Elf:1    | Entered Level 1 of the Elven Halls
 29645 | Elf:1    | Reached skill level 7 in Earth Magic
 29815 | Elf:1    | HP: 83/174 [something (17)]
 29817 | Elf:1    | Reached skill level 6 in Transmutations
 29911 | Elf:1    | Noticed Kirke
 29933 | Elf:1    | Killed Kirke
 30064 | Elf:1    | HP: 75/174 [deep elf zephyrmancer/bolt of lightning (31)]
 30300 | Elf:1    | Reached skill level 8 in Earth Magic
 30484 | Elf:1    | Got Ilippeum's Writings on United Damage Dealing
 30762 | Elf:2    | Found Itzicroq's Distillery.
 30835 | Elf:2    | Reached skill level 7 in Transmutations
 31022 | Elf:2    | HP: 79/174 [deep elf archer/arrow (18)]
 31172 | Elf:2    | Reached skill level 9 in Earth Magic
 31565 | Elf:2    | Found a runed translucent gate.
 31566 | Elf:2    | Found a runed translucent gate.
 31566 | Elf:2    | Found a runed translucent gate.
 31868 | Elf:3    | Entered Level 3 of the Elven Halls
 31893 | Elf:3    | HP: 68/174 [orc knight/+0 great sword (23)]
 31898 | Elf:3    | HP: 69/174 [orc warrior/+0 trident (7)]
 31902 | Elf:3    | HP: 29/174 [orc knight/+3 bardiche (46)]
 31903 | Elf:3    | Slain by an orc knight

Illustrated notes

Levels and vault maps discovered:
D:1:      dpeg_arrival_round_c, layout_basic,
          dreamdust_ecumenical_altar_statues, minmay_stone_trees_small,
          st_stairs_8
D:2:      cheibrodos_fertilizer, layout_basic, st_stairs_7,
          uniq_crazy_yiuf_cottage
D:3:      layout_basic, mainiacjoe_overflow_six_doors_small
D:4:      layout_cave_pools, st_stairs_5
D:5:      layout_loops_ring, minmay_temple_entry_fiery, minivault_1,
          abandoned_shop, kennysheep_small_square
D:6:      layout_basic, gup_sewer_entry_glass, uniq_prince_ribbit1
D:7:      layout_basic, kennysheep_generic_room_6
D:8:      layout_cave_pools, serial_shops, nicolae_square_shop
D:9:      layout_layer_cave, minmay_hedge_maze
D:10:     layout_long_grid, grunt_temple_overflow_open, lair_entry_dummy,
          orc_0_dummy, serial_shops, nicolae_shop_trees,
          corexii_leaking_fountain
D:11:     layout_rooms
D:12:     layout_loops_ring, gauntlet_entry_generic, drop_trap
D:13:     layout_rooms, skrybe_vaults_entry_preservation
D:14:     layout_gridville, nicolae_gozag_seed_capital
D:15:     gammafunk_depths_entry_grave, layout_long_grid
Lair:1:   layout_chaotic_city
Lair:2:   layout_cave_pods, minmay_lair_oklob_items, uniq_urug
Lair:3:   layout_cave_pods, swamp_mist, guppyfry_snake_entry_garden, uniq_nessos
Lair:4:   beast_lair_carwin_large_2, layout_hall_layers,
          maelrawn_ghost_gauntlet_escape, grunt_megastairs_3
Lair:5:   hellmonk_lair_end_abyssal_woods, layout_hall_layers,
          dpeg_slime_entry_enclosed, evilmike_ambush
          [evilmike_ambush_outer_pillars, evilmike_ambush_inner_pond]
Swamp:1:  nicolae_swamp_decorative_isthmus, layout_basic_swamp,
          hangedman_swamp_ruin_wall
Swamp:2:  layout_falls_marsh, nicolae_swamp_triple_paths
Swamp:3:  layout_basic_swamp, nicolae_swamp_trees_clearing,
          statue_in_the_mist_lemuel, swamp_pool5
Swamp:4:  swamp_old_school, layout_basic_swamp
Snake:1:  layout_honeycomb, nicolae_snake_shapes, uniq_roxanne, uniq_aizul
Snake:2:  layout_rooms, serial_shops, shop, drop_trap
Snake:3:  nicolae_snakescales, layout_rooms, basic_altar
Snake:4:  grunt_snake_rune_spirals, layout_onion_interference, serial_shops,
          shop, nicolae_shop_statue_plus, nicolae_snake_omega
Orc:1:    layout_caves, serial_shops, nicolae_square_shop,
          okawaru_metal_pillars_1_2
Orc:2:    st_orc_open, layout_caves
Elf:1:    layout_geoelf_octagon, minmay_elf_sorcery, uniq_kirke
Elf:2:    nicolae_elf_blades_crystal_corner, layout_onion_city, serial_shops,
          nicolae_shop_crystal, kennysheep_underground_church
Elf:3:    minmay_elf_hall_quartered_circle, layout_loops_cross, serial_shops,
          nicolae_shop_hallway_stairs, special_room [special_room_orc]
Vaults:1: v_misc_23, hangedman_vaults_capsules, hangedman_vaults_slither,
          v_misc_23, v_misc_30, vaults_standard_mumra_x, vaults_room_fours,
          nicolae_vaults_ninety_degrees, layout_vaults_chaotic_city,
          uniq_asterion

Skill      XL: |  1  2  3  4  5  6  7  8  9 10 11 12 13 14 15 16 17 18 |
---------------+-------------------------------------------------------+-----
Unarmed Combat | 1 2 3 4 5 6 7 9 11 13 15 16 17 | 17.0
Shields        | 1 2 3 4 5 6 8 10 | 10.0
Throwing       | 1 3 5 7 9 10 11 13 14 15 | 15.0
Invocations    | 6 9 11 | 11.0
Fighting       | 5 8 9 10 | 10.0
Necromancy     | 2 |  2.6
Translocations | 2 6 |  6.0
Spellcasting   | 5 |  5.0
Earth Magic    | 5 9 |  9.5
Transmutations | 4 7 |  7.9
Dodging        | |  1.5
Stealth        | |  1.0
Conjurations   | |  0.6
Summonings     | |  0.6

Action                   |  1- 3 |  4- 6 |  7- 9 | 10-12 | 13-15 | 16-18 || total
-------------------------+-------+-------+-------+-------+-------+-------++-------
Melee: Unarmed           |   131 |   142 |   281 |   420 |   936 |  1036 ||  2946
Throw: Dart              |       |     7 |    19 |    30 |     7 |       ||    63
       Stone             |       |       |    26 |    45 |    23 |       ||    94
       Boomerang         |       |       |       |     9 |    57 |    89 ||   155
       Javelin           |       |       |       |       |     2 |       ||     2
       Large rock        |       |       |       |       |    14 |   145 ||   159
 Cast: Blink             |       |       |       |       |       |     3 ||     3
       Lesser Beckoning  |       |       |       |       |       |    17 ||    17
Invok: Slouch            |       |       |       |       |    10 |    11 ||    21
       Step From Time    |       |       |       |       |       |     1 ||     1
Evoke: Tin of tremorston |       |       |     1 |       |       |       ||     1
       Wand              |       |       |       |     3 |     2 |       ||     5
       Phantom mirror    |       |       |       |       |     2 |     2 ||     4
       Box of beasts     |       |       |       |       |     1 |       ||     1
  Use: Scroll            |       |       |       |     7 |    11 |    12 ||    30
       Potion            |       |       |       |       |     1 |     8 ||     9
 Stab: Sleeping          |     5 |     2 |     6 |     1 |     2 |     1 ||    17
       Distracted        |       |       |       |     1 |       |     1 ||     2
Armor: Robe              |    55 |    45 |    51 |     7 |       |       ||   158
       Troll leather arm |       |       |       |    65 |    93 |       ||   158
       Acid dragon scale |       |       |       |       |   231 |       ||   231
       Swamp dragon scal |       |       |       |       |     3 |   296 ||   299
Dodge: Dodged            |    58 |    45 |   101 |   122 |   269 |   308 ||   903
Block: Kite shield       |    37 |    80 |   157 |   191 |   532 |   704 ||  1701
       Reflection        |       |       |       |       |       |    73 ||    73
